 Dungeon Crawl Stone Soup version 0.23.2-1-ga50397a6bc (webtiles) character file.

Game seed: 15994195888061588611

92 Mrkan the Skirmisher (level 4, -1/37 HPs)
             Began as a Demonspawn Fighter on May 22, 2019.
             Was an Initiate of Okawaru.
             Slain by an adder (3 damage)
             ... on level 3 of the Dungeon.
             The game lasted 00:03:02 (1608 turns).

Mrkan the Skirmisher (Demonspawn Fighter)           Turns: 1608, Time: 00:03:04

Health: -1/37      AC:  6    Str: 17    XL:     4   Next: 35%
Magic:  4/4        EV:  6    Int:  9    God:    Okawaru [......]
Gold:   50         SH:  8    Dex: 13    Spells: 3/3 levels left

rFire    . . .     SeeInvis .   a - +0 flail
rCold    . . .     Gourm    .   c - +0 shield
rNeg     . . .     Faith    .   b - +0 scale mail
rPois    .         Spirit   .   (helmet restricted)
rElec    .         Reflect  .   (no cloak)
rCorr    .         Harm     .   (no gloves)
MR       .....                  (no boots)
Stlth    ..........             (no amulet)
HPRegen  0.12/turn              (no ring)
MPRegen  0.09/turn              (no ring)

@: lethally poisoned (-1 -> -4)
A: antennae 1, hooves 1
a: Renounce Religion


You were on level 3 of the Dungeon.
You worshipped Okawaru.
Okawaru was noncommittal.
You were not hungry.

You visited 1 branch of the dungeon, and saw 3 of its levels.

You collected 50 gold pieces.

Inventory:

Hand Weapons
 a - a +0 flail (weapon)
 i - a cursed -3 mace
Armour
 b - a +0 scale mail (worn)
 c - a +0 shield (worn)
Jewellery
 k - a +4 ring of evasion {unknown}
Scrolls
 e - 2 scrolls of remove curse {unknown}
 h - a scroll of magic mapping {unknown}
 j - 3 scrolls of teleportation {unknown}
 m - a scroll of enchant armour {unknown}
 n - a scroll of amnesia {unknown}
 o - a scroll of identify {unknown}
Potions
 d - a potion of might
 g - 3 potions of curing {unknown}
 l - a potion of brilliance {unknown}
 q - a potion of agility {unknown}
Comestibles
 f - 7 rations
 p - 3 chunks of flesh


   Skills:
 + Level 3.8 Fighting
 * Level 3.6 Maces & Flails
 - Level 2.6 Armour
 - Level 2.6 Shields


You had 3 spell levels left.
You didn't know any spells.
Your spell library was empty.

Dungeon Overview and Level Annotations

Branches:
Dungeon (3/15)

Altars:
Fedhas
Gozag
Nemelex Xobeh
Okawaru
Qazlal
Zin


Innate Abilities, Weirdness & Mutations

You have a pair of small antennae on your head.
You have large cloven feet.


Message History

The adder bites you but does no damage.
You closely miss the adder. The adder bites you.
* * * LOW HITPOINT WARNING * * *
You are poisoned.
The adder poisons you! The goblin hits you.
* * * LOW HITPOINT WARNING * * *
You block the kobold's attack.
You closely miss the adder. You kick the adder.
The adder is lightly wounded.
You feel sick. The adder bites you but does no damage.
You block the goblin's attack. The kobold hits you.
* * * LOW HITPOINT WARNING * * *
You block the adder's attack. The goblin hits you but does no damage.
You miss the adder. You kick the adder.
The adder is heavily wounded.
* * * LOW HITPOINT WARNING * * *
You feel sick. You block the adder's attack.
The kobold hits you but does no damage. The goblin barely misses you.
The adder bites you.
You die...

........<.......+
####+##.........#...
....#.............
...........{h......
........(#####.....
..........# .......
###...$...# .......
#.......##?......
........S@K.......
........g##.......
......>... .....#.
.....#+##. .....#
.... ......... ...
....#.... ..
......... ... ...


You could see an adder, a goblin and a kobold.

Vanquished Creatures
  5 adders
  A worm (D:2)
  A dart slug (D:2)
  A leopard gecko (D:3)
  8 bats
  6 goblins
  3 hobgoblins
  3 jackals (D:3)
  A ball python (D:2)
  A frilled lizard (D:2)
  6 kobolds
  6 rats
42 creatures vanquished.

Notes
Turn   | Place    | Note
-------+----------+-------------------------------------------
     0 | D:1      | Mrkan the Demonspawn Fighter began the quest for the Orb.
     0 | D:1      | Reached XP level 1. HP: 18/18 MP: 1/1
   336 | D:1      | Gained mutation: You have large cloven feet. [demonic
                  | ancestry]
   336 | D:1      | Reached XP level 2. HP: 24/24 MP: 2/2
   998 | D:2      | Reached XP level 3. HP: 29/29 MP: 3/3
  1244 | D:2      | Found a blossoming altar of Fedhas.
  1249 | D:2      | Found a glowing silver altar of Zin.
  1249 | D:2      | Found an opulent altar of Gozag.
  1257 | D:2      | Found a stormy altar of Qazlal.
  1257 | D:2      | Found a sparkling altar of Nemelex Xobeh.
  1260 | D:2      | Found an iron altar of Okawaru.
  1261 | D:2      | Gained mutation: You have a pair of small antennae on your
                  | head. [demonic ancestry]
  1261 | D:2      | Reached XP level 4. HP: 26/37 MP: 4/4
  1269 | D:2      | Became a worshipper of Warmaster Okawaru
  1608 | D:3      | Slain by an adder

Skill      XL: |  1  2  3 |
---------------+----------+-----
Maces & Flails | 2 3 |  3.6
Fighting       | |  3.8
Armour         | |  2.6
Shields        | |  2.6

Action                   |  1- 3 |  4- 6 || total
-------------------------+-------+-------++-------
Melee: Flail             |    84 |    36 ||   120
       Kick              |     8 |     7 ||    15
  Eat: Chunk             |     1 |     1 ||     2
Armor: Scale mail        |    37 |    41 ||    78
Dodge: Dodged            |    22 |    23 ||    45
Block: Shield            |    36 |    44 ||    80
